 Dungeon Crawl Stone Soup version 0.31-a0-183-g4352c244c2 (webtiles) character file.

Game seed: 6976703484948336316

7783 Essalna the Zephyrmancer (level 11, -2/66 HPs)
             Began as a Tengu Air Elementalist on June 20, 2023.
             Was a Priest of Vehumet.
             Slain by Joseph
             ... wielding a +0 quarterstaff
              (10 damage)
             ... on level 9 of the Dungeon on June 22, 2023.
             The game lasted 00:27:59 (10979 turns).

Essalna the Zephyrmancer (Tengu Air Elementalist)  Turns: 10979, Time: 00:28:00

Health: -2/66      AC:  8    Str:  8    XL:     11   Next: 20%
Magic:  3/21       EV: 18    Int: 26    God:    Vehumet [***...]
Gold:   1052       SH:  0    Dex: 15    Spells: 12/22 levels left

rFire   . . .        A - +0 short sword (venom)
rCold   + . .        (no shield)
rNeg    . . .        a - +0 robe
rPois   .            (helmet restricted)
rElec   +            y - +2 cloak
rCorr   +            h - +1 pair of gloves
SInv    .            (boots unavailable)
Will    .....        (no amulet)
Stlth   ++           e - ring of Sunlight {rElec rCorr Int+6}
HPRegen 0.31/turn    k - ring of protection from cold
MPRegen 0.17/turn

%: no passive effects
@: mighty, flying quickly and evasively, hasted, very quick
A: beak, talons 3, nimble flight
a: Renounce Religion


You were on level 9 of the Dungeon.
You worshipped Vehumet.
Vehumet was most pleased with you.
You visited 1 branch of the dungeon, and saw 9 of its levels.
You also visited: Bailey.

You collected 1052 gold pieces.

Inventory:

Hand Weapons
 m - a +1 heavy long sword
 A - a +0 short sword of venom (weapon)
Missiles
 g - 8 throwing nets
Armour
 a - a +0 robe (worn)
 d - a +0 cloak
 h - a +1 pair of gloves (worn)
 y - a +2 cloak (worn)
Jewellery
 e - the ring of Sunlight (left hand) {rElec rCorr Int+6}
   (You found it on level 3 of the Dungeon)

   [ring of intelligence]

   Int:       It affects your intelligence (+6).
   rElec:     It insulates you from electricity.
   rCorr:     It protects you from acid and corrosion.
 i - a +6 ring of strength
 j - a ring of resist corrosion
 k - a ring of protection from cold (right hand)
 q - an amulet of regeneration
 t - an amulet of guardian spirit
 z - an amulet of magic regeneration
 D - a ring of protection from cold
Wands
 f - a wand of iceblast (9)
 s - a wand of flame (4)
 v - a wand of quicksilver (15)
 F - a wand of mindburst (10)
Scrolls
 p - a scroll of amnesia
 u - 4 scrolls of identify
 w - 2 scrolls of vulnerability
 B - a scroll of fog
 G - a scroll of enchant weapon
Potions
 b - 2 potions of magic
 l - a potion of brilliance
 n - 4 potions of attraction
 o - 2 potions of enlightenment
 r - a potion of haste


   Skills:
 + Level 6.7 Fighting
 + Level 6.8 Armour
 + Level 7.2 Dodging
 - Level 2.0 Stealth
 + Level 6.0 Spellcasting
 + Level 9.0 Conjurations
 + Level 6.1 Fire Magic
 + Level 9.8 Air Magic


You had 12 spell levels left.
You knew the following spells:

 Your Spells              Type           Power      Damage    Failure   Level
a - Shock                 Conj/Air       100%       1d9       1%          1
b - Static Discharge      Conj/Air       100%       2-7/arc   1%          2
c - Swiftness             Air            56%        N/A       1%          3
d - Sticky Flame          Conj/Fire      47%        2d6       1%          4

Your spell library contained the following spells:

 Spells                   Type           Power      Damage    Failure   Level
 Inner Flame              Hex/Fire       23%        N/A       1%          3
 Airstrike                Air            28%        2d(4-20)  1%          4
 Ignite Poison            Fire/Tmut/Pois 18%        N/A       2%          3
 Summon Small Mammal      Summ           28%        N/A       7%          1
 Call Canine Familiar     Summ           7%         N/A       21%         3
 Summon Guardian Golem    Hex/Summ       7%         N/A       21%         3
 Ignition                 Fire           19%        3d7       100%        8


Dungeon Overview and Level Annotations

Branches:
Dungeon (9/15)             Temple (0/1) D:4          Bailey (visited)
   Lair: D:8-11         Orc: D:9-12

Altars:
Cheibriados
Qazlal
Ru
Sif Muna
Trog
Vehumet
Xom

Shops:
D:1 *   D:7 [

Annotations:
D:9 Joseph


Innate Abilities, Weirdness & Mutations

You have a beak for a mouth.
You have claws for feet.
Your magical nature lets you fly swiftly and evasively.


Message History

You hear a shout!
Your Conjurations skill increases to level 9!
Casting: Static Discharge (safe; 1% risk of failure)
Confirm with . or Enter, or press ? or * to list all spells.
Aiming: Sticky Flame (dangerous; 1% risk of failure)
Press: ? - help, Shift-Dir - straight line, f - Joseph
Aim: Joseph, wielding a +0 quarterstaff and wearing a +0 leather armour The sticky flame hits Joseph.
Joseph is lightly wounded.
Joseph is covered in liquid flames!
Joseph burns!
Joseph hits you with a +0 quarterstaff.
Casting: Sticky Flame (dangerous; 1% risk of failure)
Confirm with . or Enter, or press ? or * to list all spells.
Joseph is struck by an arc of lightning.
Joseph is moderately wounded.
You resist.
You are struck by an arc of lightning.
Joseph is struck by an arc of lightning!
Joseph is moderately wounded.
The lightning grounds out.
Joseph burns!
Joseph hits you with a +0 quarterstaff!
* * * LOW HITPOINT WARNING * * *
You feel yourself speed up.
Joseph burns!
Joseph hits you with a +0 quarterstaff.
* * * LOW HITPOINT WARNING * * *
Unknown command.
Unknown command.
Okay, then.
Hit: A) +0 short sword (venom)
Press: ? - help, Dir - move target, f/p - Joseph
Aim: Joseph, wielding a +0 quarterstaff and wearing a +0 leather armour (heavily wounded, covered in liquid flames, about 19% to evade your +0 short sword of venom)
You barely miss Joseph. You claw Joseph. You peck Joseph!
Joseph is severely wounded.
Joseph burns!
Hit: A) +0 short sword (venom)
Press: ? - help, Dir - move target, f/p - Joseph
Aim: Joseph, wielding a +0 quarterstaff and wearing a +0 leather armour (severely wounded, covered in liquid flames, about 19% to evade your +0 short sword of venom)
You hit Joseph.
Joseph is poisoned.
Your kick misses Joseph.
Joseph is almost dead.
Joseph hits you with a +0 quarterstaff!
You die...

............o........#.###
♣.........♣♣♣♣♣...♣#....
♣♣♣♣♣.♣♣♣♣♣ ♣♣.♣♣#..##
#####...#############.###
........)...).....@....###
######...#..#)##.#.##.....
.............##.#.##.####
####..@#######......#
##..@.........####
##############


You could see Joseph (burning, very poisoned).

Vanquished Creatures
  A two-headed ogre (D:9)
  A cyclops (D:8)
  A troll (D:9)
  Sigmund (D:5)
  A wyvern (D:8)
  6 yaks (D:9)
  A wraith (D:9)
  A steam dragon (D:9)
  3 vampire mosquitoes (D:8)
  An acid dragon (D:9)
  Duvessa (D:7)
  A water moccasin (D:6)
  2 orc warriors
  2 ice beasts
  3 sky beasts
  6 wolves (Bailey)
  A black bear (D:4)
  2 centaurs
  2 ogres
  A phantom (D:6)
  2 kobold brigands
  4 bullfrogs
  10 gnoll sergeants
  2 scorpions
  9 wights (D:7)
  Dowan (D:7)
  An electric eel (D:7)
  2 jellies
  Crazy Yiuf (D:6)
  2 hounds (Bailey)
  2 orc priests
  6 gnoll boudas
  A sleepcap (D:7)
  An iguana (D:4)
  7 orc wizards
  A centaur simulacrum (D:9)
  30 gnolls
  12 adders
  2 shadow imps
  3 white imps (D:6)
  2 worms
  2 dart slugs
  19 orcs
  5 bats
  13 endoplasms
  3 giant cockroaches
  6 goblins
  9 hobgoblins
  3 jackals (D:1)
  2 quokkas (D:4)
  14 ball pythons
  2 frilled lizards
  17 kobolds
  5 rats
239 creatures vanquished.

Notes
Turn   | Place    | Note
-------+----------+-------------------------------------------
     0 | D:1      | Essalna the Tengu Air Elementalist began the quest for the
                  | Orb.
     0 | D:1      | Reached XP level 1. HP: 10/10 MP: 4/4
    30 | D:1      | Found Kuegiem's General Store.
   109 | D:1      | Reached XP level 2. HP: 15/16 MP: 0/6
   215 | D:1      | Reached skill level 1 in Fighting
   501 | D:1      | Reached XP level 3. HP: 20/20 MP: 2/7
   639 | D:1      | Found a faded altar of an unknown god.
  1432 | D:2      | Reached XP level 4. HP: 26/26 MP: 6/8
  1568 | D:2      | Learned a level 2 spell: Static Discharge
  1572 | D:2      | Learned a level 3 spell: Swiftness
  1942 | D:2      | Reached skill level 5 in Air Magic
  2320 | D:3      | Gained mutation: Your magical nature lets you fly swiftly
                  | and evasively. [Tengu growth]
  2320 | D:3      | Reached XP level 5. HP: 31/31 MP: 3/9
  2623 | D:3      | Identified the +2 leather armour of Sloth {Drain Dex+2
                  | Stlth+}
  2626 | D:3      | Noticed a kobold brigand
  2637 | D:3      | Killed a kobold brigand
  2638 | D:3      | Reached skill level 1 in Armour
  2638 | D:3      | Reached XP level 6. HP: 24/36 MP: 0/10
  2958 | D:3      | Found a bloodstained altar of Trog.
  2958 | D:3      | Found a snail-covered altar of Cheibriados.
  2959 | D:3      | Found a radiant altar of Vehumet.
  2983 | D:3      | Found a shimmering blue altar of Sif Muna.
  3048 | D:3      | Became a worshipper of Vehumet
  3164 | D:3      | Identified the ring of Sunlight {rElec rCorr Int+6}
  3367 | D:4      | Found a shimmering altar of Xom.
  3454 | D:4      | Found a staircase to the Ecumenical Temple.
  3493 | D:4      | Noticed a black bear
  3500 | D:4      | Killed a black bear
  3557 | D:4      | Reached XP level 7. HP: 41/41 MP: 4/12
  3642 | D:4      | Learned a level 4 spell: Sticky Flame
  4300 | D:5      | Entered Level 5 of the Dungeon
  4638 | D:5      | Reached skill level 1 in Fire Magic
  4843 | D:5      | Reached skill level 5 in Conjurations
  4948 | D:5      | Noticed Sigmund
  4958 | D:5      | Killed Sigmund
  4959 | D:5      | Reached XP level 8. HP: 37/48 MP: 3/13
  5170 | D:5      | Found a stormy altar of Qazlal.
  5173 | D:5      | Noticed an air elemental
  5173 | D:5      | Noticed a water elemental
  5391 | D:6      | Reached * piety under Vehumet
  5391 | D:6      | Offered knowledge of Magic Dart by Vehumet.
  5879 | D:6      | Found a sacrificial altar of Ru.
  6065 | D:6      | Found a runed translucent door.
  6066 | D:6      | Noticed Crazy Yiuf
  6618 | D:6      | Killed Crazy Yiuf
  6720 | D:7      | Reached XP level 9. HP: 46/52 MP: 9/16
  6863 | D:7      | Found Gazyum's Antique Armour Boutique.
  6889 | D:7      | HP: 2/48 [wight/+4 long sword (5)]
  7183 | D:7      | Noticed Dowan
  7185 | D:7      | Noticed Duvessa
  7191 | D:7      | Killed Duvessa
  7192 | D:7      | Reached skill level 5 in Dodging
  7196 | D:7      | Killed Dowan
  7403 | D:7      | Reached ** piety under Vehumet
  7405 | D:7      | Offered knowledge of Searing Ray by Vehumet.
  7501 | D:7      | Reached skill level 5 in Fighting
  7920 | D:8      | Reached skill level 5 in Armour
  8120 | D:8      | Offered knowledge of Stone Arrow by Vehumet.
  8131 | D:8      | Noticed a cyclops
  8141 | D:8      | Killed a cyclops
  8142 | D:8      | Reached XP level 10. HP: 33/59 MP: 16/18
  8297 | D:8      | Noticed a centaur warrior
  8367 | D:8      | Upgraded the game from 0.31-a0-180-g519b7de00c to
                  | 0.31-a0-183-g4352c244c2
  8427 | D:8      | Reached skill level 5 in Spellcasting
  8628 | D:8      | Noticed a centaur warrior
  8754 | D:9      | Noticed Joseph
  9067 | D:9      | Noticed a two-headed ogre
  9082 | D:9      | Killed a two-headed ogre
  9083 | D:9      | Reached skill level 5 in Fire Magic
  9213 | D:9      | Reached *** piety under Vehumet
  9275 | D:9      | Found a flagged portal.
  9285 | Bailey   | Entered a bailey
 10295 | Bailey   | Identified the +8 halberd "Uticeaq" {venom, +Blink rC++
                  | Int-3 Dex+3 SInv}
 10528 | D:9      | Reached XP level 11. HP: 55/66 MP: 1/20
 10549 | D:9      | Offered knowledge of Inner Flame by Vehumet.
 10979 | D:9      | Slain by Joseph

Illustrated notes

Levels and vault maps discovered:
D:1:      psy_arrival_statuary, layout_basic, serial_shops, shop,
          basic_ecumenical_altar, minmay_tromino_i2
D:2:      layout_loops_cross, nicolae_titane
D:3:      cheibrodos_thug_alley, layout_rooms,
          nicolae_overflow_quartered_altars, nrook_mini_vaults,
          minmay_misc_feat_chi
D:4:      layout_basic, lemuel_tele_altar, minmay_temple_entry_wispy
D:5:      layout_gridville, nicolae_qazlal_style_of_elements,
          corexii_item_surrounded_by_moat, uniq_sigmund
D:6:      layout_basic, nicolae_ru_awakened_eye, uniq_crazy_yiuf_cottage
D:7:      layout_basic, serial_glass, glass_columns_c, glass_columns_b,
          glass_columns_a, glass_columns_a, minmay_misc_feat_iff,
          nicolae_wooded_promenade, nicolae_concentric_dashed_squares_wild,
          uniq_duvessa
D:8:      minmay_cut_squares, layout_cave_pods
D:9:      nzn_winding_woodlands_medium [nzn_winding_woodlands_5x5_closed_star,
          nzn_winding_woodlands_5x15_river_crossing,
          nzn_winding_woodlands_5x5_perimeter,
          nzn_winding_woodlands_5x5_checkerboard,
          nzn_winding_woodlands_center_pierced_h,
          nzn_winding_woodlands_5x5_open_star, nzn_winding_woodlands_5x5_cross,
          nzn_winding_woodlands_5x15_default,
          nzn_winding_woodlands_5x5_default], layout_loops_ring, enter_bailey_2,
          nicolae_letterblocks [nicolae_letter_subblock,
          nicolae_letter_subblock, nicolae_letter_subblock,
          nicolae_letter_subblock, nicolae_letter_subblock,
          nicolae_letter_subblock, nicolae_letter_subblock,
          nicolae_letter_subblock, nicolae_letter_subblock,
          nicolae_letter_subblock, nicolae_letter_subblock,
          nicolae_letter_subblock, nicolae_letter_subblock,
          nicolae_letter_subblock, nicolae_letter_subblock,
          nicolae_letter_subblock, nicolae_letter_subblock,
          nicolae_letter_subblock, nicolae_letter_subblock,
          nicolae_letter_subblock, nicolae_letter_subblock,
          nicolae_letter_subblock, nicolae_letter_subblock,
          nicolae_letter_subblock, nicolae_letter_subblock], uniq_joseph

Skill      XL: |  1  2  3  4  5  6  7  8  9 10 11 |
---------------+----------------------------------+-----
Conjurations   | 2 3 4 5 6 7 8 9 |  9.0
Fighting       | 1 2 3 4 5 6 |  6.7
Air Magic      | 5 6 7 8 9 |  9.8
Armour         | 1 2 4 5 6 |  6.8
Dodging        | 3 4 5 6 7 |  7.2
Spellcasting   | 3 4 5 6 |  6.0
Fire Magic     | 1 3 4 5 6 |  6.1
Stealth        | |  2.0

Action                     |  1- 3 |  4- 6 |  7- 9 | 10-12 || total
---------------------------+-------+-------+-------+-------++-------
  Melee: Unarmed           |    20 |     6 |       |       ||    26
         Kick              |     6 |     2 |    24 |    18 ||    50
         Peck              |     4 |     1 |    17 |     8 ||    30
         Long sword        |       |       |    49 |       ||    49
         Punch             |       |       |     1 |     1 ||     2
         Short sword       |       |       |    38 |    37 ||    75
   Cast: Shock             |    62 |   101 |   248 |   236 ||   647
         Static Discharge  |       |     2 |     5 |    27 ||    34
         Sticky Flame      |       |       |     7 |    11 ||    18
    Use: Scroll            |     4 |     2 |     8 |     5 ||    19
         Potion            |       |     1 |     1 |     5 ||     7
   Stab: Distracted        |       |       |     1 |       ||     1
 Armour: Robe              |     6 |     5 |    26 |    21 ||    58
  Dodge: Dodged            |    15 |    20 |   102 |   108 ||   245

Table legend: (Time is in decaauts)
 A = Elapsed time spent in this place.
 B = Non-inter-level travel time spent in this place.
 C = Inter-level travel time spent in this place.
 D = Time resting spent in this place.
 E = Time spent auto-exploring this place.
 F = Levels seen in this place.
 G = Mean time per level.
                   A        B        C        D        E       F      G
               +--------+--------+--------+--------+--------+-----+--------+
         Total |  10606 |   9999 |    607 |    296 |   8015 |  10 | 1060.6 |
       Dungeon |   9409 |   8802 |    607 |    296 |   7120 |   9 | 1045.4 |
        Bailey |   1197 |   1197 |      0 |      0 |    894 |   1 | 1197.0 |
               +--------+--------+--------+--------+--------+-----+--------+

Top non-repeatable levels by time:
     D:6: 1474 daAuts
  Bailey: 1197 daAuts
     D:2: 1134 daAuts
     D:7: 1078 daAuts
     D:1: 1055 daAuts
     D:3: 1008 daAuts
     D:5: 1003 daAuts
     D:4: 1001 daAuts
     D:8: 879 daAuts
     D:9: 774 daAuts
